 Dungeon Crawl Stone Soup version 0.23.2-11-gf996548c65 (webtiles) character file.

Game seed: 74486147047544944

575890 senseless the Acrobat (level 25, -21/269 HPs)
             Began as a Minotaur Fighter on June 1, 2019.
             Was a High Priest of Qazlal.
             Killed by a guardian mummy's death curse (29 damage)
             ... on level 2 of the Tomb of the Ancients on June 5, 2019.
             The game lasted 04:59:53 (51773 turns).

senseless the Acrobat (Minotaur Fighter)           Turns: 51773, Time: 04:59:54

Health: -21/269    AC: 43    Str: 34    XL:     25   Next: 78%
Magic:  20/34      EV: 30    Int:  8    God:    Qazlal [*****.]
Gold:   4574       SH: 27    Dex: 17    Spells: 33/33 levels left

rFire    . . .     SeeInvis +   L - +8 scimitar (flame)
rCold    . . .     Gourm    +   D - +5 shield {reflect}
rNeg     . . .     Faith    .   k - +14 chain mail "Vuohin" {rElec MR+}
rPois    .         Spirit   .   t - +2 hat
rElec    +         Reflect  +   o - +2 cloak
rCorr    .         Harm     .   i - +3 pair of gloves of the Demon Prince {Str+4}
MR       +++..     Rnd*Tele +   P - +2 pair of boots {Fly}
Stlth    ..........             Q - amulet "Fir Mum" {Gourm Str+5}
HPRegen  0.54/turn              c - ring "Uschio Vonive" {*Tele MR+ Slay+3 SInv}
MPRegen  0.24/turn              r - +4 ring of evasion

@: marked, flying, lightly drained, repel missiles
A: retaliatory headbutt, horns 2, talons 1, blurry vision 1, robust 1, strong 1,
wild magic 1, evolution 1
}: 3/15 runes: decaying, silver, gossamer
a: Upheaval, Elemental Force, Disaster Area, Renounce Religion, Stop Flying


You were on level 2 of the Tomb of the Ancients.
You worshipped Qazlal.
Qazlal was extremely pleased with you.
You were full.

You visited 9 branches of the dungeon, and saw 44 of its levels.
You also visited: Ice Cave.

You collected 5507 gold pieces.
You spent 933 gold pieces at shops.

Inventory:

Hand Weapons
 L - a +8 scimitar of flaming (weapon)
Armour
 i - the +3 pair of gloves of the Demon Prince (worn) {Str+4}
   (You bought it in a shop on level 14 of the Dungeon)

   It affects your strength (+4).
 k - the +14 chain mail "Vuohin" (worn) {rElec MR+}
   (You took it off a vault warden on level 5 of the Vaults)

   It insulates you from electricity.
   It affects your resistance to hostile enchantments.
 o - a +2 cloak (worn)
 t - a +2 hat (worn)
 D - a +5 shield of reflection (worn)
 P - a +2 pair of boots of flying (worn)
Jewellery
 c - the ring "Uschio Vonive" (left hand) {*Tele MR+ Slay+3 SInv}
   (You found it on level 1 of the Vaults)

   [ring of teleportation]

   It may teleport you next to monsters.
   It affects your accuracy and damage with ranged weapons and melee attacks
   (+3).
   It affects your resistance to hostile enchantments.
   It lets you see invisible.
 g - the ring "Seusaaty" {rF+ rC+ rN+ Str+2 Dex+6}
   (You found it on level 3 of the Crypt)

   [ring of positive energy]

   It affects your strength (+2).
   It affects your dexterity (+6).
   It protects you from fire.
   It protects you from cold.
   It protects you from negative energy.
 l - an uncursed amulet of guardian spirit
 p - the ring of Yesterday {*Corrode +Inv rPois rF+ rN+ Dex+3}
   (You found it on level 3 of the Crypt)

   [ring of positive energy]

   It affects your dexterity (+3).
   It protects you from fire.
   It protects you from poison.
   It protects you from negative energy.
   It lets you turn invisible.
   It may corrode you when you take damage.
 r - a +4 ring of evasion (right hand)
 s - a +5 ring of intelligence
 w - an uncursed ring of protection from fire
 x - a +3 ring of dexterity
 y - the ring of the Well-Known Stars {rPois rN+ Int+3, unknown}
   (You found it on level 3 of the Crypt)

   [ring of positive energy]

   It affects your intelligence (+3).
   It protects you from poison.
   It protects you from negative energy.
 A - the ring of Symmetry {Slay+3 SInv Stlth+}
   (You found it on level 4 of the Spider Nest)

   [ring of see invisible]

   It affects your accuracy and damage with ranged weapons and melee attacks
   (+3).
   It lets you see invisible.
   It makes you more stealthy.
 H - an uncursed ring of resist corrosion
 I - an uncursed ring of poison resistance
 M - an uncursed ring of positive energy
 Q - the amulet "Fir Mum" (around neck) {Gourm Str+5}
   (You took it off a deep elf demonologist on level 3 of the Elven Halls)

   [amulet of the gourmand]

   It allows you to eat raw meat even when not hungry.
   It affects your strength (+5).
 R - an uncursed ring of protection from fire
 W - a +2 ring of slaying
Wands
 b - a wand of disintegration (10)
 j - a wand of iceblast (18)
 n - a wand of digging (6)
 v - a wand of acid (73)
 z - a wand of polymorph (22)
 K - a wand of enslavement (26)
 T - a wand of scattershot (21)
 X - a wand of paralysis (41)
Scrolls
 e - a scroll of blinking
 m - 21 scrolls of remove curse
 C - 4 scrolls of magic mapping
 F - a scroll of fog
 J - a scroll of fear
 N - 8 scrolls of teleportation
 V - 4 scrolls of summoning
Potions
 a - 4 potions of resistance
 d - 7 potions of might
 h - 6 potions of brilliance
 q - 9 potions of curing
 B - 2 potions of berserk rage
 E - 3 potions of mutation
 G - 3 potions of agility
 O - 6 potions of ambrosia
 S - 3 potions of haste
 U - a potion of magic
 Y - 2 potions of invisibility
Comestibles
 f - 68 rations


   Skills:
 + Level 23.8(22.9) Fighting
 - Level 16.0(15.2) Long Blades
 + Level 20.7(19.9) Armour
 + Level 24.7(23.9) Dodging
 + Level 1.1(0.6) Stealth
 - Level 15.0(14.2) Shields
 + Level 4.8(4.2) Spellcasting
 + Level 17.0(16.2) Invocations


You had 33 spell levels left.
You didn't know any spells.
Your spell library contained the following spells:

 Spells                   Type           Power        Failure   Level  Hunger
 Animate Skeleton         Necr           N/A          67%         1    #......
 Apportation              Tloc           #.....       67%         1    #......
 Confusing Touch          Hex            #.....       67%         1    #......
 Corona                   Hex            #......      67%         1    #......
 Flame Tongue             Conj/Fire      #....        67%         1    #......
 Magic Dart               Conj           #...         67%         1    #......
 Pain                     Necr           #...         67%         1    #......
 Shock                    Conj/Air       #...         67%         1    #......
 Summon Small Mammal      Summ           #...         67%         1    #......
 Blink                    Tloc           N/A          82%         2    ###....
 Call Imp                 Summ           #.......     82%         2    ###....
 Corpse Rot               Necr           N/A          82%         2    ###....
 Passwall                 Tmut/Erth      #.......     82%         2    ###....
 Poisonous Vapours        Pois/Air       #.....       82%         2    ###....
 Searing Ray              Conj           #.....       82%         2    ###....
 Slow                     Hex            #.......     82%         2    ###....
 Swiftness                Chrm/Air       #.......     82%         2    ###....
 Throw Flame              Conj/Fire      #.....       82%         2    ###....
 Call Canine Familiar     Summ           #.......     95%         3    ###....
 Confuse                  Hex            #.......     95%         3    ###....
 Conjure Flame            Conj/Fire      #.......     95%         3    ###....
 Dazzling Spray           Conj/Hex       #.....       95%         3    ###....
 Gell's Gravitas          Tloc           #.........   95%         3    ###....
 Ignite Poison            Fire/Tmut/Pois #.......     95%         3    ###....
 Inner Flame              Hex/Fire       #.......     95%         3    ###....
 Mephitic Cloud           Conj/Pois/Air  #.......     95%         3    ###....
 Portal Projectile        Hex/Tloc       #.....       95%         3    ###....
 Recall                   Summ/Tloc      N/A          95%         3    ###....
 Regeneration             Chrm/Necr      #.........   95%         3    ###....
 Static Discharge         Conj/Air       #.......     95%         3    ###....
 Stone Arrow              Conj/Erth      #.....       95%         3    ###....
 Summon Guardian Golem    Hex/Summ       #.......     95%         3    ###....
 Vampiric Draining        Necr           #.........   95%         3    ###....
 Airstrike                Air            #.........   100%        4    #####..
 Animate Dead             Necr           N/A          100%        4    #####..
 Cause Fear               Hex            #.........   100%        4    #####..
 Force Lance              Conj/Tloc      #.......     100%        4    #####..
 Fulminant Prism          Conj/Hex       #.........   100%        4    #####..
 Iskenderun's Mystic Bla  Conj           #.......     100%        4    #####..
 Leda's Liquefaction      Hex/Erth       #.........   100%        4    #####..
 Passage of Golubria      Tloc           N/A          100%        4    #####..
 Petrify                  Tmut/Erth      #.......     100%        4    #####..
 Sticky Flame             Conj/Fire      #.......     100%        4    #####..
 Summon Ice Beast         Ice/Summ       #.......     100%        4    #####..
 Summon Lightning Spire   Summ/Air       #.......     100%        4    #####..
 Bolt of Magma            Conj/Fire/Erth #.........   100%        5    ######.
 Borgnjor's Vile Clutch   Necr/Erth      #.........   100%        5    ######.
 Fireball                 Conj/Fire      #.........   100%        5    ######.
 Iskenderun's Battlesphe  Conj/Chrm      #.......     100%        5    ######.
 Lee's Rapid Deconstruct  Erth           #.........   100%        5    ######.
 Lightning Bolt           Conj/Air       #.........   100%        5    ######.
 Metabolic Englaciation   Hex/Ice        #.........   100%        5    ######.
 Silence                  Hex/Air        #.........   100%        5    ######.
 Summon Forest            Summ/Tloc      #.........   100%        5    ######.
 Venom Bolt               Conj/Pois      #.........   100%        5    ######.
 Yara's Violent Unravell  Hex/Tmut       #.........   100%        5    ######.
 Bolt of Fire             Conj/Fire      #.........   100%        6    #######
 Conjure Ball Lightning   Conj/Air       #.........   100%        6    #######
 Darkness                 Hex            #.........   100%        6    #######
 Death Channel            Necr           #.........   100%        6    #######
 Deflect Missiles         Chrm/Air       #.........   100%        6    #######
 Freezing Cloud           Conj/Ice/Air   #.........   100%        6    #######
 Hydra Form               Tmut           #.........   100%        6    #######
 Invisibility             Hex            #.......     100%        6    #######
 Iron Shot                Conj/Erth      #.........   100%        6    #######
 Shadow Creatures         Summ           N/A          100%        6    #######
 Simulacrum               Ice/Necr       #.........   100%        6    #######
 Statue Form              Tmut/Erth      #........    100%        6    #######
 Dragon Form              Tmut           #.........   100%        7    #######
 Malign Gateway           Summ/Tloc      #.........   100%        7    #######
 Monstrous Menagerie      Summ           #.........   100%        7    #######
 Orb of Destruction       Conj           #.........   100%        7    #######
 Ring of Flames           Chrm/Fire      #.........   100%        7    #######
 Spellforged Servitor     Conj/Summ      #.........   100%        7    #######
 Summon Greater Demon     Summ           #.........   100%        7    #######
 Summon Hydra             Summ           #.........   100%        7    #######
 Summon Horrible Things   Summ           #.........   100%        8    #######
 Dragon's Call            Summ           #.........   100%        9    #######
 Shatter                  Erth           #.........   100%        9    #######


Dungeon Overview and Level Annotations

Branches:
Dungeon (15/15)            Temple (0/1) D:5            Lair (6/6) D:10
  Swamp (4/4) Lair:2       Spider (4/4) Lair:3        Slime (0/5) Lair:5
    Orc (2/2) D:11            Elf (3/3) Orc:2        Vaults (5/5) D:13
  Crypt (3/3) Vaults:3       Tomb (2/3) Crypt:3      Depths (0/5) D:15

Altars:
Ashenzari
Dithmenos
Kikubaaqudgha
Qazlal
Trog
Wu Jian
Xom
Yredelemnul
The Shining One
Beogh

Shops:
D:14 (*}[:   Orc:2 }!*=?   Elf:1 =   Elf:3 [   Vaults:3 =   Vaults:4 *
Vaults:5 ?

Portals:
Trove: Elf:2 (give 10 potions of heal wounds)

Annotations:
Lair:3 exclusion: 4 oklob plants
Crypt:1 Jory


Innate Abilities, Weirdness & Mutations

You reflexively headbutt those who attack you in melee.
You have a pair of horns on your head.
You have sharp toenails.
Scrolls take you a little longer to read.
You are robust. (+10% HP)
Your muscles are strong. (Str +2)
Your spells are a little harder to cast, but a little more powerful.
You evolve.


Message History

You headbutt the death scarab!
You destroy the death scarab!
Qazlal accepts your kill. The death scarab completely misses you.
The flying skull closely misses you.
You riposte.
You slice the flying skull!! You burn the flying skull.
You destroy the flying skull!
Qazlal accepts your kill.
The greater mummy gestures at you while chanting.
Something smites you!
* * * LOW HITPOINT WARNING * * *
The guardian mummy misses you. You furiously retaliate!
You headbutt the guardian mummy!
You riposte.
You slice the guardian mummy!! You burn the guardian mummy.
You headbutt the guardian mummy.
The guardian mummy is almost destroyed.
You hit the guardian mummy. You burn the guardian mummy.
You destroy the guardian mummy!
Qazlal accepts your kill.
You feel extremely nervous for a moment...
You convulse helplessly as pain tears through your body!
You die...

.ss..###n.^..
...#z.z#.WW .
z#...8.#M [ #s
#....○..# .#
#..#.3..°..#MW#
#M..§...M.#
##....☼[.W.##
#...○.@.2...#
##...s..°..##
#...§Z☼...#
#..#..≈○...#..#
#^ #.(....M# .#
. .#....§#. .
M^.#.M.#...
.....###.....


You could see 3 greater mummies, 3 emperor scorpions, a reaper, 3 mummy priests,
2 shadow wraiths, a phantasmal warrior, an ushabti, a neqoxec, a wraith, a death
scarab, a necrophage, 3 flying skulls, a mummy and a titan zombie.

Vanquished Creatures
  An ancient lich (Vaults:4)
  Mara (Swamp:4)
  5 greater mummies (Tomb:1)
  Arachne (Spider:3)
  A tentacled monstrosity (Vaults:4)
  Jorgrun (D:14)
  5 liches
  2 deep elf master archers (Elf:3)
  3 deep elf blademasters
  6 ancient champions
  An eldritch tentacle (Tomb:1)
  6 titans (Vaults:5)
  5 thorn hunters
  The ghost of GuyDeFluk the Imperceptible, an adept SpEn of Dithmenos (Elf:3)
  12 sphinxes
  5 tengu reavers
  Agnes (Elf:1)
  Gastronok (D:11)
  Kirke (D:13)
  4 storm dragons
  Donald (Spider:4)
  4 shadow dragons
  The ghost of sankara the Severer, an adept HOFi of Okawaru (D:15)
  2 revenants (Crypt:3)
  The ghost of Xunycri the Executioner, a journeyman HOBe of Trog (Spider:4)
  6 deep elf sorcerers
  11 vault wardens
  6 fire giants
  A curse skull (Crypt:3)
  6 emperor scorpions
  3 ghost moths (Spider:4)
  Louise (D:15)
  An orc warlord (Elf:3)
  5 ghouls
  6 frost giants
  15 ironheart preservers
  6 deep elf elementalists
  A reaper (Crypt:3)
  7 stone giants
  7 very ugly things
  4 bennus (Tomb:1)
  7 entropy weavers
  Azrael (Elf:1)
  3 vampire knights
  A dire elephant (shapeshifter) (Vaults:5)
  11 deep elf demonologists
  10 deep elf annihilators
  3 spark wasps
  8 eidola
  The ghost of reativica the Archer, a journeyman CeHu of Fedhas (Spider:4)
  5 ettins
  Snorg (Lair:6)
  8 mummy priests
  2 fire dragons
  7 deep elf death magi
  6 jiangshi
  4 deep elf high priests
  35 slime creatures
  A spectral golden dragon (Crypt:3)
  The ghost of diana the Fighter, a journeyman MiFi of Okawaru (D:11)
  7 yaktaur captains
  A great orb of eyes (Vaults:4)
  26 hydras
  3 ice dragons
  A rakshasa (Vaults:1)
  A hell beast (Tomb:1)
  4 centaur warriors
  33 vault guards
  Erica (D:9)
  7 ghost crabs
  A catoblepas (D:15)
  A shambling mangrove (Swamp:2)
  An anaconda (shapeshifter) (Vaults:5)
  24 dancing weapons
  A two-headed ogre (shapeshifter) (Vaults:5)
  A spectral stone giant (Crypt:3)
  12 ogre magi
  A tengu warrior (D:11)
  7 alligators
  4 death knights
  10 death scarabs
  A titan zombie (Tomb:1)
  Urug (Orc:1)
  45 two-headed ogres
  A shock serpent (shapeshifter) (Vaults:5)
  An orc high priest (Elf:3)
  A storm dragon zombie (Vaults:4)
  5 vampire magi
  27 deep elf knights
  A small abomination (Elf:3)
  Sonja (Orc:1)
  4 soul eaters
  19 shadow wraiths
  18 skeletal warriors
  A ghost moth zombie (Crypt:2)
  6 spriggan druids
  A storm dragon skeleton (Tomb:1)
  7 flayed ghosts
  7 deep trolls
  A large abomination (Elf:3)
  3 glowing orange brains
  13 swamp dragons
  A deep troll (shapeshifter) (Vaults:4)
  A glowing orange brain (shapeshifter) (Vaults:5)
  5 unseen horrors
  18 deep elf archers
  2 wizards
  23 phantasmal warriors
  14 ironbrand convokers
  A sphinx zombie (Vaults:4)
  Pikel (D:9)
  An obsidian statue (D:9)
  2 wolf spider zombies
  6 necromancers
  A tengu zombie (Vaults:4)
  An orange crystal statue (Elf:1)
  73 deep elf magi
  2 lindwurms (shapeshifter) (Vaults:5)
  33 wolf spiders
  An orb spider (shapeshifter) (Vaults:4)
  A harpy (shapeshifter) (D:15)
  18 orc knights
  20 orb spiders
  41 ugly things
  An iron dragon zombie (Vaults:4)
  2 stone giant zombies
  2 human zombies (Vaults:4)
  5 orc sorcerers
  A wolf spider (shapeshifter) (Vaults:5)
  A frost giant zombie (Crypt:2)
  An oklob plant (Lair:1)
  6 cyclopes
  A faun (shapeshifter) (Vaults:4)
  3 manticores
  8 black mambas
  Maurice (Orc:1)
  4 elephants (Lair:5)
  5 moths of wrath
  3 apocalypse crabs (Swamp:2)
  Psyche (D:9)
  7 vault sentinels
  An ice statue (IceCv)
  Joseph (D:7)
  A naga mage (D:15)
  2 centaur skeletons
  3 gargoyles
  2 torpor snails
  21 freezing wraiths
  26 spiny frogs
  4 kobold demonologists
  14 yaktaurs
  11 demonic crawlers
  A redback zombie (D:15)
  4 rime drakes
  14 komodo dragons
  A black draconian skeleton (Crypt:3)
  8 trolls
  A minotaur skeleton (Crypt:3)
  A queen bee (Orc:1)
  A polar bear (D:8)
  19 guardian mummies
  A harpy zombie (D:15)
  A red draconian skeleton (Crypt:3)
  26 tyrant leeches
  A troll (shapeshifter) (Vaults:1)
  10 bog bodies
  29 jumping spiders
  11 hornets
  A spectral manticore (Crypt:3)
  A tarantella zombie (Crypt:3)
  A tyrant leech (shapeshifter) (Vaults:5)
  Prince Ribbit (D:7)
  A spectral swamp dragon (Crypt:3)
  31 blink frogs
  An ice dragon zombie (Crypt:2)
  A wolf spider simulacrum (D:15)
  2 hippogriffs (shapeshifter) (Vaults:5)
  A dream sheep (shapeshifter) (Vaults:3)
  13 hippogriffs
  10 dream sheep
  24 flying skulls
  3 redbacks (shapeshifter)
  3 spriggans
  An ice dragon skeleton (Crypt:3)
  5 water elementals
  21 tarantellas
  36 redbacks
  A fire bat (shapeshifter) (Vaults:3)
  13 shadows
  2 air elementals
  A human (shapeshifter) (Elf:3)
  A wyvern (shapeshifter) (Vaults:1)
  12 wraiths
  A hog (D:13)
  37 yaks
  A basilisk (shapeshifter) (D:15)
  5 ushabtiu (Tomb:1)
  A basilisk (D:13)
  4 fire elementals
  Eustachio (D:6)
  3 hungry ghosts
  A yaktaur simulacrum (Vaults:3)
  18 vampire mosquitoes
  4 wargs
  Menkaure (D:7)
  4 insubstantial wisps (Lair:2)
  12 swamp worms
  2 soldier ants
  2 acid dragons
  2 hell hounds (Elf:1)
  12 water moccasins
  5 porcupines
  6 swamp drakes
  An alligator simulacrum (IceCv)
  2 slaves (D:9)
  49 orc warriors
  13 ice beasts
  2 phantoms
  A gelid demonspawn skeleton (Crypt:2)
  A black mamba simulacrum (Crypt:2)
  3 sky beasts
  2 black bears
  2 necrophages
  34 ogres
  8 boggarts
  20 centaurs
  49 wolves
  10 crocodiles
  2 swamp dragon zombies (Crypt:2)
  3 big kobolds
  27 bullfrogs
  A gnoll sergeant (D:11)
  5 earth elementals
  11 scorpions
  2 wyvern skeletons
  An elephant simulacrum (IceCv)
  A swamp dragon simulacrum (IceCv)
  29 killer bees
  2 yak skeletons
  10 wights
  4 electric eels
  4 crimson imps
  8 howler monkeys
  A bullfrog zombie (D:9)
  3 centaur zombies
  5 jellies
  A quasit (D:11)
  5 draconian simulacra (IceCv)
  7 hounds
  Crazy Yiuf (D:5)
  4 bullfrog skeletons
  A jelly (shapeshifter) (Vaults:5)
  31 orc priests
  22 orc wizards
  16 human skeletons
  3 iguanas
  Natasha (thrice) (D:2)
  14 worker ants
  A polar bear simulacrum (IceCv)
  3 spriggan simulacra (IceCv)
  3 troll simulacra (IceCv)
  A felid zombie (Crypt:2)
  5 centaur simulacra
  14 mummies
  2 hound skeletons
  A killer bee simulacrum (D:8)
  2 worker ant zombies
  13 adders
  15 gnolls
  A howler monkey skeleton (Crypt:2)
  A river rat (shapeshifter) (Vaults:5)
  6 naga simulacra (IceCv)
  6 shadow imps
  25 white imps
  2 ufetubi (D:8)
  3 oozes
  A halfling skeleton (Crypt:3)
  A halfling zombie (Crypt:2)
  An adder skeleton (D:9)
  An adder zombie (D:3)
  An iguana skeleton (Crypt:2)
  3 worms
  A dart slug (D:1)
  8 leopard geckos
  89 orcs
  A ball python (D:5)
  3 bats
  5 giant cockroaches
  11 goblins
  6 hobgoblins
  12 jackals
  24 kobolds
  10 quokkas
  7 frilled lizards
  A jackal skeleton (D:7)
  A kobold skeleton (Crypt:3)
  A leopard gecko skeleton (D:5)
  An orc skeleton (Crypt:3)
  A quokka simulacrum (D:8)
  A quokka zombie (D:8)
  11 rats
  6 briar patches
  2 crawling corpses (Elf:3)
2164 creatures vanquished.

Vanquished Creatures (others)
  A thorn hunter (Swamp:4)
  A vault warden (Vaults:5)
  A deep elf sorcerer (Elf:3)
  A stone giant (Vaults:5)
  A deep elf annihilator (Elf:3)
  A deep elf knight (Vaults:1)
  4 deep elf archers
  5 deep elf magi
  A wolf spider (Spider:4)
  4 yaktaurs
  A rime drake (Swamp:4)
  A jumping spider (Spider:3)
  A blink frog (Lair:2)
  A bog body (Crypt:2)
  A flying skull (Crypt:2)
  6 humans (D:13)
  A swamp worm (Swamp:4)
  An orc warrior (Vaults:5)
  An ogre (Vaults:5)
  3 centaurs (Vaults:1)
  An orc (Vaults:5)
  12 briar patches
  2 crawling corpses (Elf:3)
  15 fungi
  46 plants
113 creatures vanquished.

Grand Total: 2277 creatures vanquished

Notes
Turn   | Place    | Note
-------+----------+-------------------------------------------
     0 | D:1      | senseless the Minotaur Fighter began the quest for the Orb.
     0 | D:1      | Reached XP level 1. HP: 19/19 MP: 0/0
   124 | D:1      | Reached XP level 2. HP: 27/27 MP: 1/1
   657 | D:2      | Reached skill level 1 in Dodging
   676 | D:2      | Noticed Natasha
   677 | D:2      | Noticed a crimson imp
   683 | D:2      | Killed Natasha
   683 | D:2      | Reached XP level 3. HP: 29/33 MP: 2/2
   720 | D:2      | Found a stormy altar of Qazlal.
   796 | D:2      | Reached XP level 4. HP: 40/40 MP: 3/3
   817 | D:2      | Found a bloodstained altar of Trog.
   953 | D:2      | Noticed Natasha
   963 | D:2      | Killed Natasha
   963 | D:2      | Reached skill level 2 in Dodging
  1017 | D:2      | Noticed Natasha
  1022 | D:2      | Killed Natasha
  1022 | D:2      | Reached XP level 5. HP: 38/47 MP: 4/4
  1228 | D:2      | Found an ancient bone altar of Kikubaaqudgha.
  1312 | D:2      | Became a worshipper of Qazlal Stormbringer
  1609 | D:3      | Reached * piety under Qazlal
  1616 | D:3      | HP: 1/47 [adder (3)]
  1983 | D:3      | Reached XP level 6. HP: 50/55 MP: 5/5
  2048 | D:3      | Reached skill level 1 in Invocations
  2683 | D:4      | Reached skill level 5 in Fighting
  2745 | D:4      | Reached ** piety under Qazlal
  2745 | D:4      | Reached skill level 5 in Armour
  2912 | D:4      | Reached skill level 5 in Shields
  3088 | D:4      | Reached skill level 3 in Dodging
  3132 | D:4      | Reached XP level 7. HP: 53/61 MP: 7/7
  3564 | D:5      | Entered Level 5 of the Dungeon
  3680 | D:5      | Reached *** piety under Qazlal
  3687 | D:5      | Reached skill level 5 in Long Blades
  3928 | D:5      | Found a staircase to the Ecumenical Temple.
  4256 | D:5      | Reached skill level 4 in Dodging
  4256 | D:5      | Reached XP level 8. HP: 44/70 MP: 9/9
  4544 | D:5      | Found a runed translucent door.
  4544 | D:5      | Noticed Crazy Yiuf
  4768 | D:5      | Killed Crazy Yiuf
  4806 | D:5      | Gained mutation: Your mind is acute. (Int +2) [potion of
                  | mutation]
  4806 | D:5      | Gained mutation: You are partially covered in yellow
                  | scales. (AC +2) [potion of mutation]
  4806 | D:5      | Gained mutation: Your magical capacity is low. (-10% MP)
                  | [potion of mutation]
  4806 | D:5      | Gained mutation: You are surrounded by a mild repulsion
                  | field. (EV +2) [potion of mutation]
  4843 | D:6      | Reached **** piety under Qazlal
  4867 | D:6      | Found a shimmering altar of Xom.
  5047 | D:6      | Reached skill level 5 in Dodging
  5155 | D:6      | Noticed Eustachio
  5177 | D:6      | Killed Eustachio
  5235 | D:6      | Reached XP level 9. HP: 78/78 MP: 9/9
  5368 | D:6      | Found an ornate altar of the Wu Jian Council.
  5612 | D:7      | Noticed Joseph
  5631 | D:7      | Killed Joseph
  5631 | D:7      | Reached skill level 6 in Dodging
  5692 | D:7      | Noticed an unseen horror
  5730 | D:7      | Noticed Menkaure
  5737 | D:7      | Killed Menkaure
  6054 | D:7      | Reached ***** piety under Qazlal
  6138 | D:7      | Found a shadowy altar of Dithmenos.
  6318 | D:7      | Noticed Prince Ribbit
  6343 | D:7      | Killed Prince Ribbit
  6343 | D:7      | Reached skill level 7 in Dodging
  6614 | D:7      | Killed an unseen horror
  6614 | D:7      | Reached skill level 5 in Invocations
  6862 | D:8      | Reached XP level 10. HP: 88/88 MP: 11/11
  7001 | D:8      | Reached skill level 8 in Dodging
  7354 | D:8      | Found a glowing golden altar of the Shining One.
  7473 | D:9      | Found a basalt altar of Yredelemnul.
  7473 | D:9      | Noticed Pikel
  7502 | D:9      | Found a shattered altar of Ashenzari.
  7504 | D:9      | Noticed Erica
  7512 | D:9      | Killed Erica
  7550 | D:9      | Noticed Psyche
  7557 | D:9      | Killed Psyche
  7819 | D:9      | Noticed a two-headed ogre
  7826 | D:9      | Killed a two-headed ogre
  7826 | D:9      | Reached skill level 9 in Dodging
  7845 | D:9      | Noticed a two-headed ogre
  7849 | D:9      | Killed Pikel
  7849 | D:9      | Reached XP level 11. HP: 63/95 MP: 13/13
  7855 | D:9      | Killed a two-headed ogre
  8018 | D:9      | Noticed an obsidian statue
  8141 | D:9      | Noticed a sixfirhy
  8144 | D:9      | Killed an obsidian statue
  8506 | D:10     | Entered Level 10 of the Dungeon
  8553 | D:10     | Found a staircase to the Lair.
  8577 | D:10     | Reached ****** piety under Qazlal
  9190 | D:10     | Noticed a two-headed ogre
  9194 | D:10     | Killed a two-headed ogre
  9194 | D:10     | Reached skill level 10 in Dodging
  9749 | Lair:1   | Entered Level 1 of the Lair of Beasts
 10024 | Lair:1   | Noticed a five-headed hydra
 10032 | Lair:1   | Killed a one-headed hydra
 10071 | Lair:1   | Found an ancient bone altar of Kikubaaqudgha.
 10072 | Lair:1   | Noticed an oklob plant
 10082 | Lair:1   | Killed an oklob plant
 10361 | Lair:2   | Reached skill level 10 in Armour
 10362 | Lair:2   | Reached skill level 10 in Fighting
 10362 | Lair:2   | Reached XP level 12. HP: 106/106 MP: 14/14
 10441 | Lair:2   | Reached skill level 10 in Shields
 10469 | Lair:2   | Reached skill level 11 in Dodging
 10714 | Lair:2   | Found a staircase to the Swamp.
 11244 | Swamp:1  | Entered Level 1 of the Swamp
 11291 | Swamp:1  | Noticed a four-headed hydra
 11297 | Swamp:1  | Killed a one-headed hydra
 11297 | Swamp:1  | Reached skill level 10 in Long Blades
 11300 | Swamp:1  | Upgraded the game from 0.23.2-1-ga50397a to
                  | 0.23.2-11-gf996548c65
 11343 | Swamp:1  | Noticed an alligator
 11351 | Swamp:1  | Killed an alligator
 11353 | Swamp:1  | Noticed an alligator
 11362 | Swamp:1  | Killed an alligator
 11363 | Swamp:1  | Noticed an alligator
 11374 | Swamp:1  | Killed an alligator
 11389 | Swamp:1  | HP: 3/108 [bog body/bolt of cold (17)]
 11394 | Swamp:1  | Reached skill level 12 in Dodging
 12044 | Swamp:1  | Reached XP level 13. HP: 113/115 MP: 16/16
 12685 | Swamp:2  | Noticed a thorn hunter
 12697 | Swamp:2  | Killed a thorn hunter
 13237 | Swamp:2  | Found a runed translucent door.
 13494 | Swamp:2  | Reached skill level 13 in Dodging
 13729 | Swamp:2  | Paralysed by an apocalypse crab for 3 turns
 14398 | Swamp:3  | Noticed a thorn hunter
 14682 | Swamp:3  | Killed a thorn hunter
 14784 | Swamp:3  | Reached XP level 14. HP: 118/125 MP: 17/17
 14936 | Swamp:3  | Noticed a thorn hunter
 14951 | Swamp:3  | Killed a thorn hunter
 15467 | Swamp:4  | Entered Level 4 of the Swamp
 15476 | Swamp:4  | Noticed a thorn hunter
 15608 | Swamp:4  | Noticed a thorn hunter
 16019 | Swamp:4  | Killed a thorn hunter
 16019 | Swamp:4  | Reached skill level 14 in Dodging
 16040 | Swamp:3  | Killed a thorn hunter
 16506 | Swamp:4  | Reached skill level 10 in Invocations
 16780 | Swamp:4  | Noticed a thorn hunter
 16966 | Swamp:4  | Killed a thorn hunter
 16974 | Swamp:4  | Noticed Mara
 17430 | Swamp:4  | Noticed senseless's illusion
 17905 | Swamp:4  | Noticed senseless's illusion
 17927 | Swamp:3  | HP: 6/127 [poisoned by Mara]
 17932 | Swamp:3  | HP: 5/127 [poisoned by Mara]
 18509 | Swamp:4  | Noticed senseless's illusion
 18510 | Swamp:4  | Killed Mara
 18510 | Swamp:4  | Reached XP level 15. HP: 121/134 MP: 19/19
 18550 | Swamp:4  | Got a decaying rune of Zot
 19361 | Lair:3   | Found a hole to the Spider Nest.
 19899 | Lair:4   | Reached skill level 15 in Dodging
 21167 | Lair:5   | Found a staircase to the Slime Pits.
 21525 | Lair:6   | Entered Level 6 of the Lair of Beasts
 22450 | Lair:6   | Noticed Snorg
 22461 | Lair:6   | Killed Snorg
 22583 | Lair:6   | Reached XP level 16. HP: 112/144 MP: 20/20
 22838 | Lair:6   | Reached skill level 16 in Dodging
 23776 | D:11     | Noticed Gastronok
 23798 | D:11     | Killed Gastronok
 23847 | D:11     | Found a transporter.
 23854 | D:11     | Found a bloodstained altar of Trog.
 23856 | D:11     | Noticed diana's ghost (journeyman MiFi)
 23857 | D:11     | Identified the +5 halberd of Foxio {drain, +Fly rF+ Str+3}
 23876 | D:11     | Killed diana's ghost
 23891 | D:11     | Found a transporter.
 24229 | D:11     | Lost mutation: Your magical capacity is low. (-10% MP)
                  | [potion of mutation]
 24229 | D:11     | Lost mutation: Your mind is acute. (Int +2) [potion of
                  | mutation]
 24229 | D:11     | Lost mutation: You are surrounded by a mild repulsion
                  | field. (EV +2) [potion of mutation]
 24229 | D:11     | Lost mutation: You are partially covered in yellow scales.
                  | (AC +2) [potion of mutation]
 24229 | D:11     | Gained mutation: You have sharp toenails. [potion of
                  | mutation]
 24229 | D:11     | Gained mutation: You are frail. (-10% HP) [potion of
                  | mutation]
 24229 | D:11     | Gained mutation: You expend magic power (3 MP) to
                  | strengthen your wands. [potion of mutation]
 24230 | D:11     | Lost mutation: You expend magic power (3 MP) to strengthen
                  | your wands. [potion of mutation]
 24230 | D:11     | Lost mutation: You are frail. (-10% HP) [potion of
                  | mutation]
 24230 | D:11     | Gained mutation: Your spells are a little harder to cast,
                  | but a little more powerful. [potion of mutation]
 24230 | D:11     | Gained mutation: Scrolls take you a little longer to read.
                  | [potion of mutation]
 24230 | D:11     | Gained mutation: You evolve. [potion of mutation]
 24304 | D:11     | Found a staircase to the Orcish Mines.
 24630 | Orc:1    | Entered Level 1 of the Orcish Mines
 24630 | Orc:1    | Found a frozen archway.
 24656 | Orc:1    | Noticed Maurice
 24657 | IceCv    | Entered an ice cave
 24970 | IceCv    | Found an ancient bone altar of Kikubaaqudgha.
 25197 | Orc:1    | Noticed Urug
 25218 | Orc:1    | Killed Urug
 25226 | Orc:1    | Killed Maurice
 25468 | Orc:1    | Noticed Sonja
 25500 | Orc:1    | Killed Sonja
 25626 | Orc:1    | Found a roughly hewn altar of Beogh.
 25794 | Orc:2    | Entered Level 2 of the Orcish Mines
 25855 | Orc:2    | Gained mutation: Scrolls take you longer to read. [a
                  | neqoxec]
 26122 | Orc:2    | Found a staircase to the Elven Halls.
 26157 | Orc:2    | Found Tiddalet's Magic Scroll Shop.
 26266 | Orc:2    | Found Lerog's Distillery.
 26266 | Orc:2    | Found Uvidemya's General Store.
 26268 | Orc:2    | Found Ziurhoqu's Jewellery Shoppe.
 26270 | Orc:2    | Found Dekker's Gadget Shop.
 26274 | Orc:2    | Bought a potion of heal wounds for 60 gold pieces
 26274 | Orc:2    | Bought a potion of curing for 36 gold pieces
 26275 | Orc:2    | Bought a potion of curing for 39 gold pieces
 26275 | Orc:2    | Bought a potion of curing for 39 gold pieces
 26275 | Orc:2    | Bought a potion of curing for 39 gold pieces
 27483 | D:13     | Noticed Kirke
 27535 | D:13     | Killed Kirke
 27681 | D:13     | Reached skill level 17 in Dodging
 27749 | D:13     | You are sucked into a shaft!
 27768 | D:14     | Found Leysaqo's Book Shoppe.
 27794 | D:14     | Noticed Jorgrun
 27802 | D:14     | Killed Jorgrun
 27802 | D:14     | Reached XP level 17. HP: 154/154 MP: 24/24
 27839 | D:14     | Found Mierch's Gadget Emporium.
 28161 | D:13     | Found a gate to the Vaults.
 28325 | D:14     | Found Reqibilo's Armour Shoppe.
 28331 | D:14     | Bought the +3 pair of gloves of the Demon Prince {Str+4}
                  | for 558 gold pieces
 28397 | D:14     | Found Lum Tyduha's Changing Room.
 28782 | D:14     | Found Vouffoirr's Weapon Boutique.
 28869 | D:15     | Entered Level 15 of the Dungeon
 29079 | Spider:1 | Entered Level 1 of the Spider Nest
 29992 | Spider:2 | Reached skill level 15 in Shields
 30012 | Spider:2 | Got a bloodstained ring mail
 30040 | Spider:2 | Gained mutation: You are robust. (+10% HP) [evolution]
 30222 | Spider:2 | Identified the cursed +0 ring mail of Poipisha {rElec
                  | rPois} (You found it on level 2 of the Spider Nest)
 30585 | Spider:3 | Reached skill level 15 in Armour
 30586 | Spider:3 | Reached skill level 15 in Fighting
 31163 | Spider:3 | Reached skill level 18 in Dodging
 31184 | Spider:3 | Noticed Arachne
 31197 | Spider:3 | Killed Arachne
 31372 | Spider:4 | Entered Level 4 of the Spider Nest
 31458 | Spider:4 | Identified the ring of Symmetry {Slay+3 SInv Stlth+} (You
                  | found it on level 4 of the Spider Nest)
 31535 | Spider:4 | Reached XP level 18. HP: 178/179 MP: 26/26
 31544 | Spider:4 | Reached skill level 15 in Long Blades
 32103 | Spider:4 | Noticed Donald
 32127 | Spider:4 | Killed Donald
 32434 | Spider:4 | Got a gossamer rune of Zot
 32476 | Spider:4 | Found a runed translucent gate.
 32476 | Spider:4 | Found a runed translucent gate.
 32476 | Spider:4 | Found a runed translucent gate.
 32477 | Spider:4 | Noticed Xunycri's ghost (journeyman HOBe)
 32478 | Spider:4 | Noticed reativica's ghost (journeyman CeHu)
 32511 | Spider:4 | Killed Xunycri's ghost
 32534 | Spider:4 | Killed reativica's ghost
 32555 | Spider:4 | Reached XP level 19. HP: 150/188 MP: 27/27
 33056 | Elf:1    | Entered Level 1 of the Elven Halls
 33058 | Elf:1    | Noticed Agnes
 33074 | Elf:1    | Killed Agnes
 33626 | Elf:1    | Found Qanoan's Jewellery Shop.
 33652 | Elf:1    | You are sucked into a shaft!
 33656 | Elf:2    | Found a runed translucent gate.
 33918 | Elf:1    | Reached skill level 19 in Dodging
 33937 | Elf:1    | Identified the Catalogue of Sharkskin
 34057 | Elf:1    | Noticed Azrael
 34072 | Elf:1    | Killed Azrael
 34847 | Elf:2    | Reached XP level 20. HP: 113/198 MP: 29/29
 34890 | Elf:2    | Found a runed translucent gate.
 35367 | Elf:2    | Found an ancient bone altar of Kikubaaqudgha.
 35490 | Elf:2    | Found a portal to a secret trove of treasure.
 35507 | Elf:2    | Gained mutation: Your muscles are strong. (Str +2)
                  | [evolution]
 35629 | Elf:2    | Found a runed translucent gate.
 36184 | Elf:3    | Entered Level 3 of the Elven Halls
 36184 | Elf:3    | Found Vered's Armour Boutique.
 36374 | Elf:3    | Found a runed translucent door.
 36375 | Elf:3    | Noticed GuyDeFluk's ghost (adept SpEn)
 36413 | Elf:3    | Killed GuyDeFluk's ghost
 36542 | Elf:3    | Reached skill level 20 in Dodging
 36551 | Elf:3    | Found a roughly hewn altar of Beogh.
 36825 | Elf:3    | Identified the +2 scale mail of Fashionability {*Drain
                  | rPois rC+} (You found it on level 3 of the Elven Halls)
 37190 | Elf:3    | Identified the +5 morningstar of Dissolution {flame, Int+4}
 37201 | Elf:3    | Identified the +7 war axe of Osaos {speed, Dex+3}
 37731 | Elf:3    | Identified the +1 leather armour "Genuisk" {rN++}
 37731 | Elf:3    | Identified the amulet "Fir Mum" {Gourm Str+5}
 37901 | Elf:3    | Identified the Papyrus of Noxious Air
 38583 | D:15     | Noticed Louise
 38609 | D:15     | Killed Louise
 38609 | D:15     | Reached XP level 21. HP: 201/210 MP: 30/30
 38768 | D:15     | Found a staircase to the Depths.
 38839 | D:15     | Noticed sankara's ghost (adept HOFi)
 38850 | D:15     | Found a runed translucent door.
 39113 | D:15     | Killed sankara's ghost
 39125 | D:15     | Reached XP level 22. HP: 176/220 MP: 31/31
 39240 | Vaults:1 | Entered Level 1 of the Vaults
 39415 | Vaults:1 | Reached skill level 21 in Dodging
 40146 | Vaults:1 | Reached skill level 15 in Invocations
 40989 | Vaults:1 | Got a slimy tin ring
 40992 | Vaults:1 | Identified the ring "Uschio Vonive" {*Tele MR+ Slay+3 SInv}
                  | (You found it on level 1 of the Vaults)
 41394 | Vaults:2 | You are sucked into a shaft for 2 floors!
 41775 | Vaults:4 | Found Vasmuh's General Store.
 41797 | Vaults:4 | Bought a potion of curing for 57 gold pieces
 41809 | Vaults:4 | Reached skill level 22 in Dodging
 42300 | Vaults:4 | Reached XP level 23. HP: 232/232 MP: 33/33
 42474 | Vaults:5 | Entered Level 5 of the Vaults
 42608 | Vaults:5 | Noticed an ancient lich
 42660 | Vaults:4 | Lost mutation: Scrolls take you longer to read. [evolution]
 42767 | Vaults:4 | Killed an ancient lich
 43754 | Vaults:4 | Reached skill level 23 in Dodging
 44250 | Vaults:5 | Identified the +1 rapier of Enkocs {holy, *Contam +Inv
                  | rElec}
 44395 | Vaults:4 | Reached XP level 24. HP: 165/244 MP: 34/34
 45528 | Vaults:5 | Got a silver rune of Zot
 45532 | Vaults:5 | Identified the Grimoire of Beguiling
 45628 | Vaults:5 | Identified the +14 chain mail "Vuohin" {rElec MR+}
 45669 | Vaults:5 | Got a polished ring mail
 45677 | Vaults:5 | Identified the +0 ring mail of the Armoured One {Str+5
                  | Dex-3} (You found it on level 5 of the Vaults)
 45828 | Vaults:5 | Found Zupykh's Magic Scroll Shop.
 45853 | Vaults:5 | Bought a scroll of enchant armour for 105 gold pieces
 46744 | Vaults:3 | Reached skill level 24 in Dodging
 47139 | Vaults:3 | Found a staircase to the Crypt.
 47197 | Vaults:3 | Found Ehiuxt's Jewellery Shop.
 47726 | Crypt:1  | Entered Level 1 of the Crypt
 47737 | Crypt:1  | Noticed Jory
 47738 | Crypt:1  | You are sucked into a shaft!
 47961 | Crypt:2  | Identified the +0 robe "Wickephy" {rElec rC- MR- Int+5}
                  | (You found it on level 2 of the Crypt)
 48429 | Crypt:3  | Entered Level 3 of the Crypt
 48788 | Crypt:3  | Found an ancient bone altar of Kikubaaqudgha.
 48897 | Crypt:3  | Reached XP level 25. HP: 238/260 MP: 34/34
 49238 | Crypt:3  | Identified the ring of Emeinwy {MR- MP+9 Int+4 Dex+3}
 49368 | Crypt:3  | Found a staircase to the Tomb.
 49541 | Crypt:3  | Got a transparent platinum ring
 49541 | Crypt:3  | Got a slimy ivory ring
 49541 | Crypt:3  | Got a clouded bronze ring
 49544 | Crypt:3  | Identified the ring "Seusaaty" {rF+ rC+ rN+ Str+2 Dex+6}
                  | (You found it on level 3 of the Crypt)
 49546 | Crypt:3  | Identified the ring of Yesterday {*Corrode +Inv rPois rF+
                  | rN+ Dex+3} (You found it on level 3 of the Crypt)
 49909 | Tomb:1   | Entered Level 1 of the Tomb of the Ancients
 49910 | Tomb:1   | Noticed a greater mummy
 49910 | Tomb:1   | Noticed a greater mummy
 49911 | Tomb:1   | Noticed a greater mummy
 49918 | Tomb:1   | Noticed a greater mummy
 49921 | Tomb:1   | Killed a greater mummy
 49926 | Tomb:1   | Noticed a greater mummy
 50329 | Tomb:1   | Killed a greater mummy
 50329 | Tomb:1   | Reached skill level 1 in Stealth
 50345 | Tomb:1   | Noticed a greater mummy
 51265 | Tomb:1   | Noticed a greater mummy
 51289 | Tomb:1   | Noticed a greater mummy
 51301 | Tomb:1   | Killed a greater mummy
 51310 | Tomb:1   | HP: 10/268 [??? (8)]
 51312 | Tomb:1   | Killed a greater mummy
 51312 | Tomb:1   | HP: 4/269 [torment (2)]
 51322 | Tomb:1   | Killed a greater mummy
 51767 | Tomb:2   | Noticed a greater mummy
 51767 | Tomb:2   | Noticed a greater mummy
 51768 | Tomb:2   | Noticed a greater mummy
 51770 | Tomb:2   | Noticed a greater mummy
 51771 | Tomb:2   | HP: 8/268 [mummy priest/divine providence (15)]
 51773 | Tomb:2   | Killed by a guardian mummy's death curse

Skill      XL: |  1  2  3  4  5  6  7  8  9 10 11 12 13 14 15 16 17 18 19 20 21 22 23 24 25 |
---------------+----------------------------------------------------------------------------+-----
Dodging        | 1 2 3 4 5 7 9 10 12 13 14 15 17 18 19 20 22 23 24 | 24.7
Fighting       | 4 5 6 7 8 10 11 12 13 14 15 16 17 18 19 21 23 | 23.8
Long Blades    | 3 4 5 6 7 8 9 10 11 12 13 14 15 16 | 16.0
Armour         | 4 5 6 7 9 10 11 12 13 14 15 16 17 18 19 20 | 20.7
Shields        | 4 5 6 7 8 9 10 11 12 13 14 15 | 15.0
Invocations    | 1 2 4 5 6 7 8 9 10 11 12 13 14 15 16 17 | 17.0
Spellcasting   | 3 4 |  4.8
Stealth        | 1 |  1.1

Action                   |  1- 3 |  4- 6 |  7- 9 | 10-12 | 13-15 | 16-18 | 19-21 | 22-24 | 25-27 || total
-------------------------+-------+-------+-------+-------+-------+-------+-------+-------+-------++-------
Melee: Long sword        |    65 |   211 |   358 |    99 |       |       |       |       |       ||   733
       Headbutt          |    12 |    42 |    75 |   131 |   289 |   470 |   225 |   568 |   212 ||  2024
       Scimitar          |       |       |       |   392 |   961 |  1526 |   838 |  1474 |   469 ||  5660
       Unarmed           |       |       |       |       |       |     3 |       |       |       ||     3
Invok: Disaster Area     |       |       |       |       |     1 |     1 |     3 |     7 |     4 ||    16
       Elemental Force   |       |       |       |       |       |       |       |       |     1 ||     1
Evoke: Wand              |       |       |       |     1 |       |       |       |       |       ||     1
  Use: Scroll            |     1 |     2 |    12 |     5 |    11 |    14 |     9 |    11 |     3 ||    68
       Potion            |       |     5 |     2 |     6 |     2 |     5 |     2 |     2 |    12 ||    36
 Stab: Confused          |       |       |       |     1 |       |       |       |       |       ||     1
       Petrified         |       |       |       |       |     2 |       |       |       |       ||     2
       Paralysed         |       |       |       |       |       |       |     1 |       |       ||     1
  Eat: Chunk             |       |     8 |    12 |    10 |     5 |    17 |    11 |    31 |       ||    94
       Ration            |       |       |       |     2 |     9 |     5 |     4 |     1 |     4 ||    25
Armor: Scale mail        |    27 |    73 |    40 |       |       |       |       |       |       ||   140
       Chain mail        |       |       |    57 |    66 |       |       |       |    40 |    82 ||   245
       Robe              |       |       |     2 |       |       |       |       |       |       ||     2
       Leather armour    |       |       |       |    31 |   123 |   182 |    55 |    88 |       ||   479
Dodge: Dodged            |    21 |    77 |   118 |   223 |   701 |   881 |   250 |   663 |   230 ||  3164
       Deflected         |       |       |       |     9 |    17 |    14 |    16 |    13 |     2 ||    71
Block: Shield            |    22 |   132 |   287 |   468 |  1088 |  1663 |   648 |  1456 |   473 ||  6237
       Other             |       |       |       |       |       |     4 |       |       |       ||     4
       Reflection        |       |       |       |       |       |       |    87 |   104 |     4 ||   195
       Rpst.: Long sword |     9 |    18 |    35 |     8 |       |       |       |       |       ||    70
       Scimitar          |       |       |       |    43 |   137 |   160 |    40 |   125 |    46 ||   551
